 Dungeon Crawl Stone Soup version 0.29.0-4-gdea44cf6ec (webtiles) character file.

Game seed: 113146650939206239

75 qw the Chopper (level 4, -4/43 HPs)
             Began as a Barachi Chaos Knight on Sept 7, 2022.
             Slain by an ancient zyme (8 damage)
             ... on level 2 of the Abyss.
             The game lasted 00:01:06 (2760 turns).

qw the Chopper (Barachi Chaos Knight)               Turns: 2760, Time: 00:01:07

Health: -4/43      AC: 11    Str: 10 (13) XL:     4   Next: 31%
Magic:  4/4        EV:  6    Int: 11      God:
Gold:   132        SH:  0    Dex: 11      Spells: 3/3 levels left

rFire   . . .      SeeInvis .   Y - +0 hand axe (chaos)
rCold   . . .      Faith    .   (no shield)
rNeg    . . .      Spirit   .   f - +0 chain mail
rPois   .          Reflect  .   b - +0 helmet
rElec   .          Harm     .   (no cloak)
rCorr   .          Rampage  .   (no gloves)
Will    .....                   e - +0 pair of boots
Stlth   ..........              (no amulet)
HPRegen 0.00/turn               (no ring)
MPRegen 0.09/turn               (no ring)

@: sick, slow
A: amphibious, slowness 1, strong legs 1, +LOS, deterioration 1, dopey 1, robust
2, weak 1, sturdy frame 1
a: Hop


You were on level 2 of the Abyss.
You visited 1 branch of the dungeon, and saw 3 of its levels.
You visited the Abyss 1 time.

You collected 132 gold pieces.


Innate Abilities, Weirdness & Mutations

You are amphibious.
You cover ground slowly.
You can hop short distances.
You have an extended range of vision and can be seen from far away.
Your body sometimes deteriorates upon taking damage.
You are dopey. (Int -2)
You are very robust. (+20% HP)
You are weak. (Str -2)
Your movements are slightly less encumbered by armour. (ER -2)


   Skills:
 - Level 3.6 Fighting
 + Level 5.5 Axes
 - Level 2.4 Armour
 - Level 1.1 Dodging


You had 3 spell levels left.
You didn't know any spells.
Your spell library was empty.

Inventory:

Hand Weapons
 g - a +0 whip
 Y - a +0 hand axe of chaos (weapon)
Armour
 b - a +0 helmet (worn)
 e - a +0 pair of boots (worn)
 f - a +0 chain mail (worn)
 j - a +1 pair of gloves
Jewellery
 i - the amulet of Buligi {Spirit Rampage Slay+3}
   (You found it on level 3 of the Dungeon)

   [amulet of guardian spirit]

   It causes incoming damage to be divided between your reserves of health and
   magic.
   Slay:      It affects your accuracy & damage with ranged weapons and melee
   (+3).
   Rampage:   It bestows one free step when moving towards enemies.
 l - a +6 ring of strength
Scrolls
 k - a scroll of butterflies {unknown}
Potions
 a - a potion of degeneration {unknown}
 d - a potion of lignification {unknown}
 h - a potion of heal wounds {unknown}
Miscellaneous
 c - a piece from Xom's chessboard (15/15)

Dungeon Overview and Level Annotations

Branches:
Dungeon (3/15)

Altars:


Message History

A large abomination comes into view.
2688 ||| Stepping ~*~*~tactically~*~*~ (stealth).
HP restored.
Found an opulent altar of Gozag.
An ancient zyme comes into view.
You feel yourself growing ill in the presence of the ancient zyme.
2748 ||| Stepping ~*~*~tactically~*~*~ (stealth).
A wraith comes into view.
2750 ||| Stepping ~*~*~tactically~*~*~ (stealth).
2751 ||| Stepping ~*~*~tactically~*~*~ (stealth).
You feel yourself growing ill in the presence of the ancient zyme.
An ancient zyme is nearby!
Found a gateway leading deeper into the Abyss.
The ancient zyme hits you but does no damage.
The ancient zyme hits you.
You hit the ancient zyme.
The ancient zyme resists with almost no effort.
The ancient zyme is lightly damaged.
The ancient zyme hits you. The ancient zyme closely misses you.
You feel ill.
You barely miss the ancient zyme.
The ancient zyme is lightly damaged.
The ancient zyme barely misses you. x2
You hit the ancient zyme. You burn the ancient zyme.
The ancient zyme is moderately damaged.
The ancient zyme barely misses you. The ancient zyme hits you!
You hit the ancient zyme but do no damage.
The ancient zyme is moderately damaged.
The ancient zyme hits you!
The ancient zyme hits you but does no damage.
You hit the ancient zyme but do no damage.
The ancient zyme is moderately damaged.
The ancient zyme barely misses you. The ancient zyme hits you!
You hit the ancient zyme. You freeze the ancient zyme.
The ancient zyme is moderately damaged.
The ancient zyme completely misses you.
The ancient zyme hits you but does no damage.
You completely miss the ancient zyme.
The ancient zyme is moderately damaged.
The ancient zyme hits you. The ancient zyme hits you!
You die...

._ .#. . #
#.#.#. #.
#.#.#####
#. ......#
### # ##
#.....###.#
#....#.##..
.#.# #.. #
.. #.## #
##.##
###.##.## #
# ...
.###@...#
## ..# #
##x#...## #
....#.#.
..# ..#
#... .#.#
## .#.. # #
#.........
.#..# ..
.#..
#..#... ..
... .. .#..
##.# .. #.#
... # ## .
.# ..# .
#..... #.
.>


You could see an ancient zyme.

Vanquished Creatures
  A gnoll (D:1)
  An adder (D:3)
  2 worms (D:2)
  4 bats
  7 endoplasms
  A giant cockroach (D:2)
  9 goblins
  2 hobgoblins
  6 kobolds
  4 quokkas
  3 ball pythons
  5 frilled lizards (D:1)
  4 rats
49 creatures vanquished.

Notes
Turn   | Place    | Note
-------+----------+-------------------------------------------
     0 | D:1      | qw the Barachi Chaos Knight began the quest for the Orb.
     0 | D:1      | Reached XP level 1. HP: 18/18 MP: 1/1
     0 | D:1      | 0 ||| qw: Version: 0.1-a-108-g9e35731
     0 | D:1      | 0 ||| qw: Game counter: 6500
     0 | D:1      | 0 ||| qw: Always use a shield: true
     0 | D:1      | 0 ||| qw: God list: Okawaru
     0 | D:1      | 0 ||| qw: Allow faded altars: false
     0 | D:1      | 0 ||| qw: Do Orc after D:15 true
     0 | D:1      | 0 ||| qw: Do second Lair branch before Depths: true
     0 | D:1      | 0 ||| qw: Lair rune preference: random
     0 | D:1      | 0 ||| qw: Plans: Normal
     0 | D:1      | 0 ||| PLANNING D:1-11
     0 | D:1      | Fell from the grace of Xom
    73 | D:1      | Reached skill level 4 in Axes
    73 | D:1      | Reached XP level 2. HP: 9/24 MP: 2/2
   256 | D:1      | XOM: 10-stop teleportation journey
   316 | D:1      | XOM: stat loss: -1 Str (12/13)
   541 | D:1      | 541 ||| Stepping ~*~*~tactically~*~*~ (stealth).
   893 | D:1      | Reached XP level 3. HP: 29/29 MP: 3/3
  1000 | D:1      | 1000 ||| UPGRADING to +0 chain mail.
  1010 | D:1      | 1010 ||| DROPPING +2 leather armour.
  1160 | D:2      | 1160 ||| Stepping ~*~*~tactically~*~*~ (stealth).
  1162 | D:2      | 1162 ||| Stepping ~*~*~tactically~*~*~ (stealth).
  1178 | D:2      | XOM: give mutations
  1178 | D:2      | Gained mutation: You are dopey. (Int -2) [Xom's mischief]
  1178 | D:2      | Gained mutation: Your body sometimes deteriorates upon
                  | taking damage. [Xom's mischief]
  1178 | D:2      | Gained mutation: You are weak. (Str -2) [Xom's mischief]
  1178 | D:2      | Gained mutation: You are robust. (+10% HP) [Xom's mischief]
  1256 | D:2      | 1256 ||| Stepping ~*~*~tactically~*~*~ (stealth).
  1266 | D:2      | 1266 ||| Stepping ~*~*~tactically~*~*~ (stealth).
  1268 | D:2      | 1268 ||| Stepping ~*~*~tactically~*~*~ (stealth).
  1271 | D:2      | 1271 ||| Stepping ~*~*~tactically~*~*~ (stealth).
  1272 | D:2      | 1272 ||| Stepping ~*~*~tactically~*~*~ (stealth).
  1274 | D:2      | 1274 ||| Stepping ~*~*~tactically~*~*~ (stealth).
  1287 | D:2      | 1287 ||| DROPPING +0 club.
  1300 | D:2      | Reached skill level 5 in Axes
  1599 | D:2      | 1599 ||| Stepping ~*~*~tactically~*~*~ (stealth).
  2024 | D:2      | XOM: stat loss: -3 Str (10/13)
  2051 | D:2      | XOM: noise
  2121 | D:2      | Reached XP level 4. HP: 36/39 MP: 4/4
  2161 | D:2      | 2161 ||| UPGRADING to +0 helmet.
  2166 | D:2      | 2166 ||| UPGRADING to +0 pair of boots.
  2171 | D:2      | 2171 ||| READING scroll labelled CACEAGHENO.
  2172 | D:2      | 2172 ||| READING scroll labelled ERIDGH ZIPRU.
  2414 | D:3      | XOM: give mutations
  2414 | D:3      | Gained mutation: Your movements are slightly less
                  | encumbered by armour. (ER -2) [Xom's mischief]
  2414 | D:3      | Gained mutation: You are very robust. (+20% HP) [Xom's
                  | mischief]
  2465 | D:3      | Identified the amulet of Buligi {Spirit Rampage Slay+3}
  2677 | Abyss:2  | Cast into level 2 of the Abyss (Xom)
  2687 | Abyss:2  | Noticed a large abomination
  2688 | Abyss:2  | 2688 ||| Stepping ~*~*~tactically~*~*~ (stealth).
  2732 | Abyss:2  | Found an opulent altar of Gozag.
  2747 | Abyss:2  | Noticed an ancient zyme
  2748 | Abyss:2  | 2748 ||| Stepping ~*~*~tactically~*~*~ (stealth).
  2749 | Abyss:2  | Noticed a wraith
  2750 | Abyss:2  | 2750 ||| Stepping ~*~*~tactically~*~*~ (stealth).
  2751 | Abyss:2  | 2751 ||| Stepping ~*~*~tactically~*~*~ (stealth).
  2758 | Abyss:2  | HP: 8/43 [ancient zyme (8)]
  2760 | Abyss:2  | Slain by an ancient zyme

Levels and vault maps discovered:
D:1:      tarquinn_simple_flora_water_e, layout_basic
D:2:      layout_loops_ring, grunt_ministairs_9, minmay_misc_feat_nine_boxes,
          minmay_crystal_room
D:3:      layout_basic, gammafunk_temple_overflow_forgotten
Abyss:2:  base:
D:2

Skill      XL: |  1  2  3 |
---------------+----------+-----
Axes           | 4 5 |  5.5
Fighting       | |  3.6
Armour         | |  2.4
Dodging        | |  1.1

Action                   |  1- 3 |  4- 6 || total
-------------------------+-------+-------++-------
Melee: Hand axe          |   128 |    30 ||   158
       Punch             |     2 |       ||     2
Invok: Renounce Religion |     1 |       ||     1
  Use: Scroll            |       |     2 ||     2
 Stab: Paralysed         |     3 |       ||     3
       Distracted        |     1 |       ||     1
Armor: Leather armour    |     3 |       ||     3
       Chain mail        |    32 |    14 ||    46
Dodge: Dodged            |    43 |    13 ||    56

Table legend:
 A = Non-vault XP
 B = Vault XP
 C = Vault XP percentage of total XP
 D = Non-vault monster count
 E = Vault monster count
 F = Vault count percentage of total count
                 A         B        C        D         E       F
            +---------+---------+-------+---------+---------+-------
      Total |     103 |       5 |   4.6 |      46 |       3 |   6.1
            +---------+---------+-------+---------+---------+-------
        D:1 |      39 |       0 |   0.0 |      17 |       0 |   0.0
        D:2 |      38 |       5 |  11.6 |      20 |       3 |  13.0
        D:3 |      26 |       0 |   0.0 |       9 |       0 |   0.0
            +---------+---------+-------+---------+---------+-------
